 Dungeon Crawl Stone Soup version 0.19-a0-994-g3c636f0 (webtiles) character file.

125 Gruud the Cutter (level 4, -1/33 HPs)
             Began as a Demonspawn Hunter on July 16, 2016.
             Killed by divine providence
             ... invoked by an orc priest
              (13 damage)
             ... on level 3 of the Dungeon.
             The game lasted 00:06:40 (1624 turns).

Gruud the Cutter (Demonspawn Hunter)                Turns: 1624, Time: 00:06:42

Health: -1/33      AC:  8    Str: 13    XL:     4   Next: 82%
Magic:  4/4        EV: 10    Int: 12    God:
Gold:   128        SH:  3    Dex: 14    Spells: 0 memorised, 3 levels left

rFire  . . .     SeeInvis .     a - +2 short sword (freeze)
rCold  . . .     Gourm    .     e - +1 ring mail
rNeg   . . .     Faith    .     j - +0 buckler
rPois  .         Spirit   .     (no helmet)
rElec  .         Dismiss  .     (no cloak)
rCorr  .         Reflect  .     (no gloves)
SustAt .         Harm     .     (no boots)
MR     .....                    (no amulet)
Stlth  +.........               (no ring)
                                (no ring)

@: not resistant to hostile enchantments, very unstealthy
A: yellow scales 1
a: no special abilities


You were on level 3 of the Dungeon.
You were hungry.

You visited 1 branch of the dungeon, and saw 3 of its levels.

You collected 128 gold pieces.

Inventory:

Hand Weapons
 a - a +2 short sword of freezing (weapon)
 w - a +0 short sword
Missiles
 c - 6 javelins (quivered)
 d - 2 throwing nets
 s - 8 curare-tipped needles
Armour
 b - a +0 leather armour
 e - a +1 ring mail (worn)
 j - a +0 buckler (worn)
Wands
 z - a wand of paralysis (15/24)
Scrolls
 k - a scroll of teleportation
 o - 3 scrolls of remove curse
 u - 3 scrolls of enchant armour
Potions
 l - a potion of mutation {unknown}
 n - 3 potions of heal wounds
 q - a potion of flight {unknown}
 r - 2 potions of curing
 t - 2 potions of brilliance {unknown}
Comestibles
 f - 2 bread rations
 h - a chunk of flesh
 m - a slice of pizza
 p - a royal jelly
 x - a meat ration


   Skills:
 - Level 2.0 Fighting
 * Level 3.7 Short Blades
 - Level 3.6 Throwing
 + Level 2.4 Dodging
 - Level 0.8 Stealth


You had 3 spell levels left.
You didn't know any spells.

Dungeon Overview and Level Annotations

Branches:
Dungeon (3/15)

Altars:

Annotations:
D:3 happinesssam's ghost, amateur DrGl


Innate Abilities, Weirdness & Mutations

You are partially covered in yellow scales. (AC +2)


Message History

The orc hits you with a short sword.
Unknown command.
You hit the orc priest. You freeze the orc priest.
The orc priest is heavily wounded.
The bat closely misses you. The giant cockroach closely misses you.
You block the orc's attack.
The orc priest hits you but does no damage.
Unknown command.
You hit the orc priest. You freeze the orc priest.
The orc priest is severely wounded.
The bat closely misses you.
The giant cockroach bites you but does no damage.
You hit the orc priest but do no damage.
The orc priest is severely wounded.
The orc hits you but does no damage.
The giant cockroach bites you but does no damage.
The orc closely misses you.
The orc priest invokes the aid of Beogh against you.
Beogh smites you!
You die...

*,* *,**,,***+***,,,,,.
***,******,**...,+_+,,,,****
*,,*,,,,,,,*#..#***#**,,*
*,*,********#..# *## *,,*
*,,,.,* #..#####**,**
*,,,..#** #......,,,,*
*,,,....#####.##.####*,*
*,,,..#...oo.........*,**
*,,,.....bo@s....#**,,,,*
****#########.##.###..#.####
#...............
#<...###.#.##### #.####
*,*,* #.# *,*,* ** #.# *,*,*
*, #.# *,*,* *, #.# *,*,* *,


You could see an orc priest, 2 orcs, a giant cockroach and a bat.

Vanquished Creatures
  An orc priest (D:3)
  4 adders
  A worm (D:2)
  3 giant geckos
  5 orcs (D:3)
  5 bats
  A giant cockroach (D:2)
  8 goblins
  5 hobgoblins
  10 kobolds
  A ball python (D:2)
  3 giant newts
  2 rats (D:1)
49 creatures vanquished.

Notes
Turn   | Place    | Note
-------+----------+-------------------------------------------
     0 | D:1      | Gruud the Demonspawn Hunter began the quest for the Orb.
     0 | D:1      | Reached XP level 1. HP: 16/16 MP: 1/1
   133 | D:1      | Reached skill level 1 in Short Blades
   230 | D:1      | Gained mutation: You are partially covered in yellow scales. (AC +2) [demonic ancestry]
   230 | D:1      | Reached XP level 2. HP: 18/22 MP: 2/2
   789 | D:2      | Reached XP level 3. HP: 27/27 MP: 3/3
  1349 | D:3      | Reached XP level 4. HP: 31/33 MP: 4/4
  1589 | D:3      | Noticed happinesssam's ghost (amateur DrGl)
  1624 | D:3      | Killed from afar by an orc priest

Vault maps used:
D:1:      dpeg_arrival_castle, nrook_loot_triangle
D:3:      lemuel_doored_altar, uniq_crazy_yiuf_cottage

Skill      XL: |  1  2  3 |
---------------+----------+-----
Short Blades   | 1 2 3 |  3.7
Dodging        | 2 |  2.4
Fighting       | |  2.0
Throwing       | |  3.6
Stealth        | |  0.8

Action                   |  1- 3 |  4- 6 || total
-------------------------+-------+-------++-------
Melee: Short sword       |   137 |    61 ||   198
Throw: Javelin           |     4 |       ||     4
  Use: Scroll            |       |     8 ||     8
  Eat: Chunk             |     2 |       ||     2
Armor: Ring mail         |    43 |    46 ||    89
Dodge: Dodged            |    66 |    46 ||   112
Block: Buckler           |    11 |    10 ||    21
